 Dungeon Crawl Stone Soup version 0.27.1-2-g3b301248ec (webtiles) character file.

Game seed: 11423397408400279856

114 raph the Firebug (level 4, -2/24 HPs)
             Began as a Deep Elf Fire Elementalist on Sept 26, 2021.
             Slain by a gnoll (4 damage)
             ... on level 2 of the Dungeon.
             The game lasted 00:05:57 (3087 turns).

raph the Firebug (Deep Elf Fire Elementalist)       Turns: 3087, Time: 00:05:57

Health: -2/24      AC:  3    Str:  5    XL:     4   Next: 66%
Magic:  7/11       EV: 13    Int: 21    God:
Gold:   12         SH:  0    Dex: 15    Spells: 2/10 levels left

rFire    . . .     SeeInvis .   c - +0 dagger (vorpal)
rCold    . . .     Faith    .   (no shield)
rNeg     . . .     Spirit   .   a - +0 robe
rPois    .         Reflect  .   h - +0 helmet
rElec    .         Harm     .   (no cloak)
rCorr    .         Rampage  .   (no gloves)
Will     .....                  (no boots)
Stlth    ++........             (no amulet)
HPRegen  0.08/turn              (no ring)
MPRegen  0.12/turn              (no ring)

@: mighty
A: no striking features
a: no special abilities


You were on level 2 of the Dungeon.
You visited 1 branch of the dungeon, and saw 3 of its levels.

You collected 12 gold pieces.

Inventory:

Hand Weapons
 c - a +0 vorpal dagger (weapon)
Armour
 a - a +0 robe (worn)
 h - a +0 helmet (worn)
Scrolls
 b - a scroll of brand weapon
Potions
 d - 2 potions of haste
 f - 2 potions of heal wounds {unknown}


   Skills:
 + Level 3.0 Dodging
 + Level 3.4 Stealth
 + Level 3.6 Spellcasting
 * Level 3.0 Conjurations
 * Level 4.1 Fire Magic


You had 2 spell levels left.
You knew the following spells:

 Your Spells              Type           Power      Damage    Failure   Level
a - Foxfire               Conj/Fire      72%        2x1d7     2%          1
b - Conjure Flame         Conj/Fire      18%        6-21      9%          3
c - Sticky Flame          Conj/Fire      18%        2d4       28%         4

Your spell library contained the following spells:

 Spells                   Type           Power      Damage    Failure   Level
 Inner Flame              Hex/Fire       12%        N/A       16%         3
 Fireball                 Conj/Fire      9%         3d6       61%         5
 Iskenderun's Battlesphe  Conj           16%        2d7       69%         5
 Conjure Ball Lightning   Conj/Air       5%         3x3d6     100%        6
 Orb of Destruction       Conj           8%         9d4       100%        7


Dungeon Overview and Level Annotations

Branches:
Dungeon (3/15)

Altars:


Message History

You start waiting.
Done waiting.
There is a stone staircase leading down here.
You climb downwards.
The gnoll completely misses you. The gnoll misses you.
There is a stone staircase leading up here.
The gnoll closely misses you.
You climb upwards.
There is a stone staircase leading down here.
The gnoll hits you but does no damage.
There is a stone staircase leading up here.
The gnoll hits you from afar with a +0 halberd!
You climb upwards.
There is a stone staircase leading down here.
This spell is potentially lethal to cast!
Memorise Sticky Flame, consuming 4 spell levels and leaving 2?
You start memorising the spell.
You continue memorising. x4
You finish memorising.
Spell assigned to 'c'.
You start resting.
HP restored.
You climb downwards.
There is a stone staircase leading up, spattered with blood here.
You start waiting.
A gnoll is nearby!
The gnoll barely misses you. The gnoll hits you with a +0 halberd!
Casting: Foxfire (safe; 2% risk of failure)
Confirm with . or Enter, or press ? or * to list all spells.
Aiming: Sticky Flame (potentially lethal; 28% risk of failure)
Press: ? - help, Shift-Dir - straight line, f - gnoll
Aim: a gnoll, wielding a +0 halberd (100% to hit)
The sticky flame hits the gnoll.
The gnoll is moderately wounded.
The gnoll is covered in liquid flames!
The gnoll burns!
The gnoll hits you with a +0 halberd!
Ouch! That really hurt!
* * * LOW HITPOINT WARNING * * *
It was a potion of might.
You feel very mighty all of a sudden.
The gnoll burns!
The gnoll hits you with a +0 halberd.
You die...

##### ########
###...##########....>.#
..............##.####.#
........#####.##.####.##
...............#.......###
.................g.......##
............<.<#@####.....#######
.................# #...........#
..........(....#.# ##....#####.#
..#............#.# #.#.## #.#
...............#.# #.#.######>#
..##.#..#####....#####.#......#.#
#.##.#..#####..####......####.#.#
............#..####.##.#.## #.#..
#####..####.#...#.........# #.###


You could see a gnoll (burning).

Vanquished Creatures
  3 adders
  4 gnolls (D:3)
  A dart slug (D:1)
  7 bats
  3 endoplasms
  2 giant cockroaches
  5 goblins
  4 hobgoblins
  6 kobolds
  2 quokkas (D:1)
  A ball python (D:1)
  5 frilled lizards
  4 rats
47 creatures vanquished.

Vanquished Creatures (others)
  141 foxfires
141 creatures vanquished.

Grand Total: 188 creatures vanquished

Notes
Turn   | Place    | Note
-------+----------+-------------------------------------------
     0 | D:1      | raph the Deep Elf Fire Elementalist began the quest for the
                  | Orb.
     0 | D:1      | Reached XP level 1. HP: 10/10 MP: 6/6
   272 | D:1      | Found a faded altar of an unknown god.
   287 | D:1      | Reached XP level 2. HP: 15/15 MP: 6/8
  1356 | D:2      | Reached XP level 3. HP: 19/19 MP: 6/9
  1360 | D:2      | Learned a level 3 spell: Conjure Flame
  1589 | D:2      | You fall into a shaft and drop 1 floor!
  1853 | D:3      | Reached skill level 4 in Fire Magic
  1853 | D:3      | Reached XP level 4. HP: 24/24 MP: 2/11
  2977 | D:1      | Learned a level 4 spell: Sticky Flame
  3087 | D:2      | Slain by a gnoll

Illustrated notes

Levels and vault maps discovered:
D:1:      noname_arrival_rooms_in_the_neighbourhood, layout_loops_cross,
          dreamdust_ecumenical_altar_angels_and_demons
D:2:      layout_loops_ring
D:3:      layout_rooms, kennysheep_orc_sif_temple, general_overflow_altar

Skill      XL: |  1  2  3  4 |
---------------+-------------+-----
Conjurations   | 2 3 |  3.0
Stealth        | 3 |  3.4
Fire Magic     | 4 |  4.1
Dodging        | 3 |  3.0
Spellcasting   | |  3.6

Action                   |  1- 3 |  4- 6 || total
-------------------------+-------+-------++-------
Melee: Unarmed           |     2 |       ||     2
       Dagger            |     1 |     1 ||     2
 Cast: Foxfire           |    64 |    20 ||    84
       Conjure Flame     |       |     2 ||     2
       Sticky Flame      |       |     1 ||     1
  Use: Scroll            |       |     3 ||     3
       Potion            |       |     1 ||     1
Armor: Robe              |     2 |     8 ||    10
Dodge: Dodged            |     4 |    33 ||    37
